 Dungeon Crawl Stone Soup version 0.27.1-33-g824d729ab1 (webtiles) character file.

Game seed: 9818973043449954814

109 spaced the Sneak (level 4, -2/26 HPs)
             Began as a Vampire Brigand on Nov 30, 2021.
             Slain by a gnoll (3 damage)
             ... on level 3 of the Dungeon.
             The game lasted 00:07:30 (2708 turns).

spaced the Sneak (Vampire Brigand)                  Turns: 2708, Time: 00:07:31

Health: -2/26      AC:  3    Str: 10    XL:     4   Next: 60%
Magic:  4/4        EV: 12    Int: 13    God:
Gold:   56         SH:  0    Dex: 16    Spells: 1/3 levels left

rFire    . . .     SeeInvis +   m - +0 rapier (drain)
rCold    + + .     Faith    .   (no shield)
rNeg     + + +     Spirit   .   b - +0 robe
rPois    ∞         Reflect  .   (no helmet)
rElec    .         Harm     .   c - +0 cloak
rCorr    .         Rampage  .   (no gloves)
Will     .....                  (no boots)
Stlth    ++++++....             (no amulet)
HPRegen  0.00/turn              (no ring)
MPRegen  0.09/turn              (no ring)

@: bloodless, inhibited regen
A: bloodless, fangs 3, see invisible, vampiric 2
a: Bat Form, Revivify


You were on level 3 of the Dungeon.
You visited 1 branch of the dungeon, and saw 3 of its levels.

You collected 56 gold pieces.

Inventory:

Hand Weapons
 a - a +2 dagger
 j - a +0 short sword
 m - a +0 rapier of draining (weapon)
Missiles
 d - 8 poisoned darts (quivered)
 e - 2 curare-tipped darts
Armour
 b - a +0 robe (worn)
 c - a +0 cloak (worn)
Scrolls
 k - a scroll of magic mapping {unknown}
 n - a scroll of immolation {unknown}
Potions
 f - a potion of lignification
 h - a potion of curing
 i - a potion of degeneration {unknown}
 l - 2 potions of heal wounds {unknown}


   Skills:
 + Level 2.0 Fighting
 + Level 2.8 Short Blades
 + Level 1.6 Throwing
 + Level 2.0 Dodging
 + Level 7.6 Stealth
 * Level 0.2 Spellcasting
 * Level 1.7 Hexes
 * Level 0.2 Ice Magic


You had one spell level left.
You knew the following spells:

 Your Spells              Type           Power      Damage    Failure   Level
a - Ensorcelled Hibernat  Hex/Ice        4%         N/A       30%         2

Your spell library contained the following spells:

 Spells                   Type           Power      Damage    Failure   Level
 Spider Form              Tmut/Pois      0%         N/A       67%         3
 Shadow Creatures         Summ           N/A        N/A       100%        6


Dungeon Overview and Level Annotations

Branches:
Dungeon (3/15)

Altars:


Innate Abilities, Weirdness & Mutations

You do not regenerate when monsters are visible.
You are frail without blood (-20% HP).
You can heal yourself when you bite living creatures.
You are immune to poison.
You have razor-sharp teeth.
You have supernaturally acute eyesight. (SInv)
You are afflicted with vampirism and can become a bat while bloodless.


Message History

You barely miss the gnoll.
The gnoll is moderately wounded.
The gnoll hits you with a +0 spear. The gnoll closely misses you.
You completely miss the gnoll.
The gnoll is moderately wounded.
The gnoll hits you but does no damage.
You hit the gnoll.
The gnoll is severely wounded.
The gnoll closely misses you.
You closely miss the gnoll.
The gnoll is severely wounded.
The gnoll hits you with a +0 spear.
* * * LOW HITPOINT WARNING * * *
You hit the gnoll.
You kill the gnoll!
A gnoll comes into view. It is wielding a +0 spear.
Things that are here:
a +0 spear; a gnoll corpse
Things that are here:
a +0 flail; a gnoll corpse
Okay, then.
Things that are here:
a +2 flail of protection; a +0 club You start resting.
A gnoll is nearby!
Things that are here:
a +2 flail of protection; a +0 club The gnoll shouts!
You hear an angry hiss.
Things that are here:
a +0 flail; a gnoll corpse The gnoll hits you from afar with a +0 spear.
* * * LOW HITPOINT WARNING * * *
The gnoll hits you with a +0 spear.
* * * LOW HITPOINT WARNING * * *
You barely miss the gnoll. The gnoll hits you with a +0 spear.
* * * LOW HITPOINT WARNING * * *
You hit the gnoll but do no damage. You drain the gnoll.
The gnoll is moderately wounded.
The gnoll hits you with a +0 spear.
You die...

#...##.#
#.... #.#
#.<.###g#
#..r #..#
######.##
#...#
#)### #g#
#@# #.#
#.# #)#
#######)#
g.......#
#########


You could see a gnoll (drained).

Vanquished Creatures
  4 gnolls (D:3)
  An adder (D:2)
  2 worms (D:2)
  A dart slug (D:2)
  5 endoplasms
  4 goblins
  5 hobgoblins
  8 jackals (D:1)
  3 quokkas (D:2)
  2 ball pythons (D:2)
  6 bats
  A frilled lizard (D:2)
  6 kobolds
  2 rats
50 creatures vanquished.

Notes
Turn   | Place    | Note
-------+----------+-------------------------------------------
     0 | D:1      | spaced the Vampire Brigand began the quest for the Orb.
     0 | D:1      | Reached XP level 1. HP: 16/16 MP: 1/1
    96 | D:1      | Reached skill level 6 in Stealth
   259 | D:1      | Reached XP level 2. HP: 22/22 MP: 2/2
  1093 | D:1      | Gained mutation: You are afflicted with vampirism and can
                  | become a bat while bloodless. [Vampire growth]
  1093 | D:1      | Reached XP level 3. HP: 12/21 MP: 3/3
  1582 | D:2      | Learned a level 2 spell: Ensorcelled Hibernation
  1942 | D:2      | Reached skill level 7 in Stealth
  2377 | D:2      | Reached skill level 1 in Hexes
  2411 | D:3      | Reached XP level 4. HP: 26/26 MP: 4/4
  2707 | D:3      | HP: 1/26 [gnoll (5)]
  2708 | D:3      | Slain by a gnoll

Illustrated notes

Levels and vault maps discovered:
D:1:      kennysheep_arrival_forest, layout_loops_cross,
          minmay_misc_feat_columns, grunt_decor_clamped
D:2:      layout_basic, chequers_serial_rivers_large_b
D:3:      layout_loops_ring, corexii_leaking_fountain, grunt_ministairs_12,
          chequers_serial_rivers_large_a, lemuel_old_faithful

Skill      XL: |  1  2  3 |
---------------+----------+-----
Stealth        | 6 7 |  7.6
Fighting       | 2 |  2.0
Dodging        | 2 |  2.0
Hexes          | 1 |  1.7
Short Blades   | |  2.8
Throwing       | |  1.6
Spellcasting   | |  0.2
Ice Magic      | |  0.2

Action                   |  1- 3 |  4- 6 || total
-------------------------+-------+-------++-------
Melee: Dagger            |   105 |       ||   105
       Bite              |     9 |     1 ||    10
       Rapier            |     4 |    22 ||    26
 Abil: Exsanguinate      |     1 |       ||     1
  Use: Scroll            |     2 |       ||     2
 Stab: Sleeping          |    19 |       ||    19
       Distracted        |     1 |       ||     1
Armor: Robe              |    21 |     1 ||    22
Dodge: Dodged            |    49 |    12 ||    61
